 Dungeon Crawl Stone Soup version 0.30-a0-639-g3916f1956a (webtiles) character file.

Game seed: 9199153042993450233

53 timneilson the Slasher (level 3, -22/28 HPs)
             Began as a Demonspawn Gladiator on Jan 15, 2023.
             Annihilated by an ogre
             ... wielding a +0 giant club
              (28 damage)
             ... on level 3 of the Dungeon.
             The game lasted 00:02:42 (1882 turns).

timneilson the Slasher (Demonspawn Gladiator)       Turns: 1882, Time: 00:02:43

Health: -22/28     AC:  9    Str: 16    XL:     3   Next: 62%
Magic:  3/3        EV:  7    Int:  9    God:
Gold:   87         SH:  0    Dex: 14    Spells: 2/2 levels left

rFire   . . .      SeeInvis .    a - +0 long sword
rCold   . . .      Faith    .    (no shield)
rNeg    . . .      Spirit   .    l - +0 chain mail
rPois   .          Reflect  .    f - +0 helmet
rElec   .          Harm     .    (no cloak)
rCorr   .          Rampage  .    (no gloves)
Will    .....                    (no boots) Stlth
                                 (no amulet)
HPRegen 0.24/turn                (no ring)
MPRegen 0.08/turn                (no ring)

@: hasted, very quick
A: powered by pain 1
a: no special abilities


You were on level 3 of the Dungeon.
You visited 1 branch of the dungeon, and saw 3 of its levels.

You collected 87 gold pieces.

Inventory:

Hand Weapons
 a - a +0 long sword (weapon)
Missiles
 d - 3 throwing nets (quivered)
 e - a javelin
 h - 2 silver javelins
Armour
 f - a +0 helmet (worn)
 l - a +0 chain mail (worn)
 o - a +0 plate armour
 p - a +0 pair of boots
Scrolls
 i - a scroll of poison
 m - a scroll of silence {unknown}
Potions
 b - a potion of lignification
 c - a potion of magic
 g - 2 potions of flight
 k - 2 potions of heal wounds
 n - a potion of mutation


   Skills:
 + Level 2.4 Fighting
 * Level 3.3 Long Blades
 - Level 1.7 Throwing
 * Level 1.5 Armour
 + Level 2.9 Dodging


You had 2 spell levels left.
You didn't know any spells.
Your spell library was empty.

Dungeon Overview and Level Annotations

Branches:
Dungeon (3/15)

Altars:


Innate Abilities, Weirdness & Mutations

You sometimes gain a little power by taking damage.


Message History

Found a short sword.
Found a faded altar of an unknown god.
You now have 87 gold pieces (gained 17).
Found a scale mail.
Found a pair of boots.
m - a scroll labelled ABOPIARUACZIL
Found a bone mace.
Found a stone staircase leading down.
A bat comes into view.
You see here a +0 pair of boots.
p - a +0 pair of boots The bat hits you but does no damage.
The bat hits you but does no damage.
An ogre comes into view. It is wielding a +0 giant club.
An adder comes into view.
The adder hisses angrily.
The ogre shouts!
The bat hits you but does no damage.
You slash the bat!
You kill the bat!
The ogre hits you with a +0 giant club!
Ouch! That really hurt!
You are too injured to fight recklessly!
You are too injured to fight recklessly!
You are too injured to fight recklessly!
You are too injured to fight recklessly!
Unknown command.
You feel much better.
A dart slug comes into view.
You feel yourself speed up.
The ogre hits you with a +0 giant club!!
Ouch! That really hurt!
* * * LOW HITPOINT WARNING * * *
You slash the ogre!
The ogre is moderately wounded.
The adder bites you but does no damage.
You hit the ogre.
The ogre is heavily wounded.
The adder bites you but does no damage.
The ogre hits you with a +0 giant club!!
Ouch! That really hurt!
You die...

#... ########..#
#.........# .
#.........### ....
#....)......##....#
###.................##
........†.....# .....#
.......S......##..#..##.
.......@...............
......O..........#...##.
...............###...#..
.......................#
.w....###.#####......[..
...... #................
.............[..........
........#...............
..................


You could see an ogre, an adder and a dart slug.

Vanquished Creatures
  An adder (D:2)
  A worm (D:2)
  3 bats
  An endoplasm (D:2)
  A giant cockroach (D:1)
  6 goblins
  3 hobgoblins
  2 jackals (D:1)
  3 quokkas
  7 ball pythons
  A frilled lizard (D:1)
  5 kobolds
  5 rats
39 creatures vanquished.

Notes
Turn   | Place    | Note
-------+----------+-------------------------------------------
     0 | D:1      | timneilson the Demonspawn Gladiator began the quest for the
                  | Orb.
     0 | D:1      | Reached XP level 1. HP: 16/16 MP: 1/1
   231 | D:1      | Gained mutation: You sometimes gain a little power by
                  | taking damage. [demonic ancestry]
   231 | D:1      | Reached XP level 2. HP: 22/22 MP: 2/2
   331 | D:1      | Reached skill level 3 in Long Blades
   331 | D:1      | Reached skill level 1 in Armour
   718 | D:1      | Reached XP level 3. HP: 27/27 MP: 3/3
  1154 | D:2      | Identified the +1 robe of the Pink Corner {rN+ Dex+5}
  1851 | D:3      | Found a faded altar of an unknown god.
  1874 | D:3      | Noticed an ogre
  1882 | D:3      | Annihilated by an ogre

Illustrated notes

Levels and vault maps discovered:
D:1:      giann_wishing_wells, layout_loops_ring, minmay_pentomino_x2
D:2:      layout_loops_corners
D:3:      layout_rooms, led_sif_book, trog_book, ebering_ecumenical_altar_rust

Skill      XL: |  1  2 |
---------------+-------+-----
Long Blades    | 3 |  3.3
Armour         | 1 |  1.5
Fighting       | |  2.4
Throwing       | |  1.7
Dodging        | |  2.9

Action                   || total
-------------------------++-------
Melee: Long sword        ||   110
       Punch             ||     1
  Use: Scroll            ||     9
       Potion            ||     2
Armor: Scale mail        ||    42
       Leather armour    ||     3
       Chain mail        ||    20
Dodge: Dodged            ||    57

Table legend: (Time is in decaauts)
 A = Elapsed time spent in this place.
 B = Non-inter-level travel time spent in this place.
 C = Inter-level travel time spent in this place.
 D = Time resting spent in this place.
 E = Time spent auto-exploring this place.
 F = Levels seen in this place.
 G = Mean time per level.
                   A        B        C        D        E       F      G
               +--------+--------+--------+--------+--------+-----+--------+
         Total |   1907 |   1855 |     52 |    104 |   1389 |   3 |  635.7 |
       Dungeon |   1907 |   1855 |     52 |    104 |   1389 |   3 |  635.7 |
               +--------+--------+--------+--------+--------+-----+--------+

Top non-repeatable levels by time:
     D:2: 993 daAuts
     D:1: 882 daAuts
     D:3: 31 daAuts
